 Dungeon Crawl Stone Soup version 0.23.1-37-gaa34b87b72 (webtiles) character file.

Game seed: 9548991010369933288

246 Marnok the Slasher (level 5, -2/41 HPs)
             Began as a Demonspawn Gladiator on Mar 23, 2019.
             Was an Initiate of Dithmenos.
             Killed from afar by Dowan (12 damage)
             ... with a puff of flame
             ... on level 4 of the Dungeon.
             The game lasted 00:13:07 (2444 turns).

Marnok the Slasher (Demonspawn Gladiator)           Turns: 2444, Time: 00:13:08

Health: -2/41      AC:  5    Str: 15    XL:     5   Next: 84%
Magic:  5/5        EV: 11    Int: 12    God:    Dithmenos [......]
Gold:   88         SH:  8    Dex: 21    Spells: 4/4 levels left

rFire    . . .     SeeInvis .   l - +7 dagger
rCold    . . .     Gourm    .   g - +0 shield
rNeg     . . .     Faith    +   b - +0 leather armour
rPois    .         Spirit   .   c - +0 helmet
rElec    .         Reflect  .   (no cloak)
rCorr    .         Harm     .   m - +0 pair of gloves
MR       .....                  (no boots)
Stlth    +++.......             p - amulet of faith
HPRegen  0.13/turn              o - +3 ring of intelligence (curse)
MPRegen  0.09/turn              (no ring)

@: no status effects
A: thin skeletal structure 3
a: Renounce Religion


You were on level 4 of the Dungeon.
You worshipped Dithmenos.
Dithmenos was noncommittal.
You were not hungry.

You visited 1 branch of the dungeon, and saw 5 of its levels.

You collected 88 gold pieces.

Inventory:

Hand Weapons
 a - a +0 long sword
 l - a +7 dagger (weapon)
 u - a +0 hand axe of distortion
Missiles
 d - 2 throwing nets (quivered)
 i - 4 javelins
Armour
 b - a +0 leather armour (worn)
 c - a +0 helmet (worn)
 g - a +0 shield (worn)
 m - a +0 pair of gloves (worn)
Jewellery
 o - a cursed +3 ring of intelligence (left hand)
 p - an amulet of faith (around neck)
Scrolls
 e - 6 scrolls of teleportation
 h - 2 scrolls of immolation
 j - a scroll of remove curse
 n - a scroll of amnesia
Potions
 q - a potion of curing
Comestibles
 f - 5 rations
 k - a chunk of flesh


   Skills:
 + Level 3.1 Fighting
 + Level 2.1(3.1) Short Blades
 + Level 3.4(3.7) Long Blades
 + Level 1.9 Throwing
 + Level 1.7 Armour
 + Level 3.4 Dodging
 + Level 1.1 Stealth
 + Level 0.9 Shields


You had 4 spell levels left.
You didn't know any spells.
Your spell library was empty.

Dungeon Overview and Level Annotations

Branches:
Dungeon (5/15)
 Temple: D:4-7

Altars:
Dithmenos
Trog

Annotations:
D:4 Dowan, Duvessa


Innate Abilities, Weirdness & Mutations

You have an unnaturally thin skeletal structure. (Dex +6, Stealth++)


Message History

You puncture Robin!
Robin is almost dead.
The worker ant bites you. You block Robin's attack.
You completely miss Robin.
Robin is almost dead.
The worker ant bites you!
* * * LOW HITPOINT WARNING * * *
Robin closely misses you.
You hit Robin.
You kill Robin!
Dithmenos accepts your kill.
The worker ant bites you but does no damage.
You block the worker ant's attack.
Your surroundings suddenly seem different.
Found a chain mail.
Dowan shouts!
Dowan says, "My weaknesses are her strengths!"
Dowan casts a spell at you. The puff of flame hits you!
You die...

..................
............e.....
#.#.....#.........
........[.. .......... #
#......... #.## ###.........
.###..)###...........
.......<..@##.##.###.#####
..####.######.##..# #....## #
.####........###.#####...# #.
...#.......).............
#.####.#.......####.#...##...
#.).##.........# .....#####..
#.##.........#.##....#####.
#.#............#####.......
#al.###.)..##.## ######..


You could see Dowan.

Vanquished Creatures
  An ogre (D:4)
  An orc wizard (D:3)
  A worker ant (D:4)
  Robin (D:4)
  2 adders (D:3)
  3 oozes
  3 worms
  A dart slug (D:1)
  6 orcs
  7 bats
  6 hobgoblins
  6 kobolds
  2 quokkas
  A ball python (D:3)
  3 frilled lizards
  9 goblins
  6 rats
59 creatures vanquished.

Notes
Turn   | Place    | Note
-------+----------+-------------------------------------------
     0 | D:1      | Marnok the Demonspawn Gladiator began the quest for the
                  | Orb.
     0 | D:1      | Reached XP level 1. HP: 16/16 MP: 1/1
   160 | D:1      | Gained mutation: You have a somewhat thin skeletal
                  | structure. (Dex +2, Stealth) [demonic ancestry]
   160 | D:1      | Reached XP level 2. HP: 20/22 MP: 2/2
   522 | D:1      | Reached XP level 3. HP: 16/28 MP: 3/3
  1063 | D:2      | Found a bloodstained altar of Trog.
  1262 | D:4      | Noticed Dowan
  1265 | D:4      | Noticed Duvessa
  1800 | D:3      | Reached skill level 1 in Armour
  1800 | D:3      | Gained mutation: You have a moderately thin skeletal
                  | structure. (Dex +4, Stealth+) [demonic ancestry]
  1800 | D:3      | Reached XP level 4. HP: 24/34 MP: 4/4
  2073 | D:3      | Found a shadowy altar of Dithmenos.
  2091 | D:3      | Became a worshipper of Dithmenos the Shadowed
  2104 | D:3      | Reached skill level 1 in Short Blades
  2236 | D:4      | Gained mutation: You have an unnaturally thin skeletal
                  | structure. (Dex +6, Stealth++) [demonic ancestry]
  2236 | D:4      | Reached XP level 5. HP: 40/40 MP: 5/5
  2249 | D:5      | Entered Level 5 of the Dungeon
  2304 | D:4      | Noticed an ogre
  2314 | D:4      | Killed an ogre
  2314 | D:4      | Reached skill level 1 in Stealth
  2409 | D:4      | Noticed a phantom
  2416 | D:4      | Noticed Robin
  2440 | D:4      | Killed Robin
  2444 | D:4      | Killed from afar by Dowan

Skill      XL: |  1  2  3  4  5 |
---------------+----------------+-----
Long Blades    | 3 |  3.4
Dodging        | 3 |  3.4
Armour         | 1 |  1.7
Short Blades   | 1 2 |  2.1
Fighting       | 3 |  3.1
Stealth        | 1 |  1.1
Throwing       | |  1.9
Shields        | |  0.9

Action                   |  1- 3 |  4- 6 || total
-------------------------+-------+-------++-------
Melee: Long sword        |    46 |       ||    46
       Dagger            |    84 |    71 ||   155
Throw: Throwing net      |     1 |       ||     1
  Use: Potion            |     5 |     1 ||     6
       Scroll            |     7 |     3 ||    10
 Stab: Sleeping          |     5 |     1 ||     6
  Eat: Chunk             |     2 |     3 ||     5
Armor: Leather armour    |    21 |    13 ||    34
       Skin              |     3 |       ||     3
Dodge: Dodged            |    46 |    30 ||    76
Block: Shield            |    43 |    24 ||    67
       Rpst.: Long sword |     8 |       ||     8
